 Dungeon Crawl Stone Soup version 0.30.0-5-g1a98f26d00 (webtiles) character file.

Game seed: 12799959121671833662

45023 fozzywoppz the Severer (level 13, -23/118 HPs)
             Began as a Minotaur Fighter on May 10, 2023.
             Was a High Priest of Qazlal.
             Annihilated by a vampire knight
             ... wielding a +0 war axe
              (30 damage)
             ... while paralysed by a vampire knight
             ... on level 13 of the Dungeon.
             The game lasted 00:37:11 (17049 turns).

fozzywoppz the Severer (Minotaur Fighter)          Turns: 17049, Time: 00:37:12

Health: -23/118    AC: 21    Str: 30    XL:     13   Next: 99%
Magic:  15/20      EV:  2    Int:  5    God:    Qazlal [*****.]
Gold:   1478       SH:  0    Dex: 12    Spells: 12/12 levels left

rFire   + . .        e - +1 broad axe
rCold   + . .        n - +0 kite shield {rPois}
rNeg    . . .        p - +0 plate armour
rPois   +            u - +1 hat
rElec   .            l - +0 cloak
rCorr   .            v - +0 pair of gloves
SInv    .            L - +2 pair of boots
Will    .....        (no amulet) Stlth
                     D - ring of protection from fire
HPRegen 0.39/turn    U - +6 ring of strength
MPRegen 0.17/turn

%: repel missiles
@: paralysed, protected from cold
A: horns 2, retaliatory headbutt
a: Renounce Religion, Upheaval, Elemental Force, Disaster Area


You were on level 13 of the Dungeon.
You worshipped Qazlal.
Qazlal was extremely pleased with you.
You visited 3 branches of the dungeon, and saw 18 of its levels.

You collected 1478 gold pieces.

Inventory:

Hand Weapons
 e - a +1 broad axe (weapon)
 H - a +2 flail of pain
Missiles
 a - 5 curare-tipped darts
 b - 7 throwing nets
 k - 24 boomerangs (quivered)
Armour
 l - a +0 cloak (worn)
 n - a +0 kite shield of poison resistance (worn)
 p - a +0 plate armour (worn)
 u - a +1 hat (worn)
 v - a +0 pair of gloves (worn)
 L - a +2 pair of boots (worn)
Jewellery
 c - an amulet of faith
 y - a ring of positive energy
 D - a ring of protection from fire (left hand)
 M - a ring of protection from fire
 T - a ring of resist corrosion
 U - a +6 ring of strength (right hand)
Wands
 t - a wand of flame (12)
 x - a wand of polymorph (7)
 G - a wand of paralysis (8)
 J - a wand of roots (10)
 P - a wand of quicksilver (4)
Scrolls
 h - 7 scrolls of teleportation
 j - 6 scrolls of magic mapping
 o - 4 scrolls of enchant armour
 q - 4 scrolls of poison
 r - a scroll of fear
 w - a scroll of torment
 K - 2 scrolls of fog
 Q - 2 scrolls of immolation
 R - a scroll of blinking
Potions
 f - 4 potions of attraction
 g - 3 potions of magic
 i - 9 potions of ambrosia
 m - 2 potions of flight
 s - 6 potions of mutation
 z - a potion of berserk rage
 A - 6 potions of curing
 B - a potion of cancellation
 C - 4 potions of brilliance
 F - a potion of haste
 I - 2 potions of resistance
 O - 5 potions of heal wounds
 S - 3 potions of lignification
Miscellaneous
 E - a phantom mirror


   Skills:
 - Level 12.0 Fighting
 - Level 18.0 Axes
 + Level 8.9 Armour
 - Level 8.0 Dodging
 - Level 10.0 Shields
 + Level 11.6 Invocations


You had 12 spell levels left.
You didn't know any spells.
Your spell library contained the following spells:

 Spells                   Type           Power      Damage    Failure   Level
 Apportation              Tloc           0%         N/A       100%        1
 Sandblast                Erth           0%         2d4       100%        1
 Passwall                 Tmut/Erth      0%         N/A       100%        2
 Scorch                   Fire           0%         2d5       100%        2
 Stone Arrow              Conj/Erth      0%         3d7       100%        3
 Vhi's Electric Charge    Tloc/Air       0%         N/A       100%        3
 Flame Wave               Conj/Fire      0%         2d4       100%        4
 Alistair's Intoxication  Tmut/Pois      0%         N/A       100%        5
 Arcjolt                  Conj/Air       0%         1d10      100%        5
 Plasma Beam              Fire/Air       0%         2x1d11    100%        6
 Summon Cactus Giant      Summ           0%         N/A       100%        6
 Maxwell's Capacitive Co  Air            0%         ∞         100%        8


Dungeon Overview and Level Annotations

Branches:
Dungeon (13/15)            Temple (1/1) D:4            Lair (4/5) D:10
  Swamp (0/4) Lair:2        Snake (0/4) Lair:3          Orc (0/2) D:11
  Slime: Lair:4-5    Vaults: D:13-14

Altars:
Ashenzari
Cheibriados
Dithmenos
Elyvilon
Fedhas
Gozag
Hepliaklqana
Kikubaaqudgha
Makhleb
Nemelex Xobeh
Okawaru
Qazlal
Ru
Sif Muna
Trog
Uskayaw
Vehumet
Wu Jian
Xom
Yredelemnul
Zin
The Shining One

Shops:
D:1 =   D:7 [

Annotations:
Lair:4 exclusion: oklob plant


Innate Abilities, Weirdness & Mutations

You have a pair of horns on your head.
You reflexively headbutt those who attack you in melee.


Message History

The vampire flickers and vanishes!
Deactivating autopickup; reactivate with Ctrl-A.
The vampire knight is engulfed in a thunderstorm.
The vampire knight casts a spell.
The vampire knight flickers and vanishes!
Aiming: Upheaval
Press: ? - help, Dir - move target, f/p - spectral deep troll
Aim: a spectral deep troll (heavily damaged)
The ground shakes violently, spewing rubble!
The blast of rubble hits the spectral deep troll!!
The spectral deep troll is almost destroyed.
The blast of rubble hits something but does no damage.
The blast of rubble hits something!
The freezing wraith hits you but does no damage.
You block the freezing wraith's attack.
You slice the freezing wraith!!
You destroy the freezing wraith!
Qazlal accepts your kill.
Unknown command.
You barely miss the spectral deep troll.
The spectral deep troll is almost destroyed.
Your protection from cold is fading.
Qazlal accepts your kill.
Reactivating autopickup.
You feel a bit more experienced.
Deactivating autopickup; reactivate with Ctrl-A.
You closely miss something. You closely miss something. Something hits you!!
Something bites you but does no damage.
You hit something. You headbutt something.
You hear some strange, mumbled words.
You suddenly lose the ability to move!
Something hits you!!
* * * LOW HITPOINT WARNING * * *
Something bites you but does no damage. Something draws life force from you.
* * * LOW HITPOINT WARNING * * *
Something draws life force from you!!
* * * LOW HITPOINT WARNING * * *
Something hits you!!
You die...

#########
#.......##...≈≈≈
#..##@##..##...≈≈
#{###..##..≈≈ §Z.
##..##.≈≈# .....
##..##Z≈# #.....#
##..#≈Z# #..⌠..#
##.#≈≈## #.....'
#)#≈≈.# #.....#.
#.#≈≈.####
##.#≈≈..#..


You could see a spectral deep troll.

Vanquished Creatures
  Kirke (D:12)
  Gastronok (Lair:3)
  A death knight (D:13)
  A two-headed ogre (D:12)
  Urug (Lair:4)
  Sonja (Lair:3)
  A skyshark (Lair:4)
  A skeletal warrior (D:13)
  Lodul (D:12)
  2 spectral wolf spiders (D:13)
  Pikel (D:8)
  An oklob plant (Lair:2)
  An ugly thing (D:12)
  2 spectral centaurs (D:13)
  3 elephants (Lair:4)
  2 cyclopes
  4 black mambas
  A gargoyle (D:12)
  A centaur skeleton (D:13)
  4 cane toads
  An unseen horror (D:10)
  2 rime drakes (Lair:3)
  5 komodo dragons
  8 freezing wraiths
  A spectral deep troll (D:13)
  2 tengu conjurers (D:13)
  A queen bee (Lair:4)
  3 meliai (Lair:4)
  6 trolls
  Grinder (D:6)
  3 hornets
  A blink frog (shapeshifter) (D:13)
  A wolf spider simulacrum (D:13)
  10 blink frogs (Lair:4)
  3 flying skulls (D:13)
  8 slime creatures
  Sigmund (D:4)
  2 centaur simulacra (D:13)
  A shadow (D:7)
  6 wyverns
  5 wraiths
  38 yaks
  4 vampires (D:13)
  6 basilisks
  A human (D:12)
  9 vampire mosquitoes
  3 nagas (Lair:3)
  A sky beast (D:6)
  5 hell hounds (D:13)
  12 water moccasins
  7 ogres (D:12)
  7 orc warriors
  9 wolves
  A centaur (D:9)
  A lemure (D:8)
  2 kobold brigands (D:9)
  14 bullfrogs
  4 gnoll sergeants
  3 scorpions
  2 deep troll simulacra (D:13)
  3 wights (D:8)
  25 killer bees
  3 howler monkeys
  8 electric eels
  4 hounds
  A jelly (D:5)
  Crazy Yiuf (D:4)
  5 orc priests
  3 iguanas
  4 gnoll boudas
  2 sleepcaps
  5 hell rats (Lair:3)
  9 orc wizards
  27 gnolls
  6 adders
  A shadow imp (D:7)
  2 white imps
  2 ufetubi
  3 worms
  4 dart slugs
  30 orcs
  2 ball pythons
  10 bats
  5 endoplasms
  2 giant cockroaches (D:3)
  8 goblins
  4 hobgoblins
  3 jackals (D:5)
  12 kobolds
  6 quokkas
  2 frilled lizards (D:1)
  7 rats
440 creatures vanquished.

Vanquished Creatures (collateral kills)
  A necromancer (D:13)
  A freezing wraith (D:13)
  A vampire (D:13)
  A hell hound (D:13)
4 creatures vanquished.

Vanquished Creatures (others)
  A human (D:12)
  2 ogres (D:12)
  An adder (D:6)
4 creatures vanquished.

Grand Total: 448 creatures vanquished

Notes
Turn   | Place    | Note
-------+----------+-------------------------------------------
     0 | D:1      | fozzywoppz the Minotaur Fighter began the quest for the
                  | Orb.
     0 | D:1      | Reached XP level 1. HP: 19/19 MP: 0/0
   103 | D:1      | Found Riaghog's Jewellery Shop.
   229 | D:1      | Reached XP level 2. HP: 27/27 MP: 1/1
   746 | D:1      | Found a faded altar of an unknown god.
   862 | D:2      | Reached XP level 3. HP: 33/33 MP: 2/2
   875 | D:2      | Reached skill level 3 in Axes
  1793 | D:3      | Reached XP level 4. HP: 41/41 MP: 3/3
  1923 | D:3      | Noticed a scorpion
  1936 | D:3      | Killed a scorpion
  1937 | D:3      | Reached XP level 5. HP: 21/47 MP: 4/4
  2490 | D:4      | Noticed Sigmund
  2535 | D:4      | Killed Sigmund
  2536 | D:4      | Reached skill level 5 in Fighting
  2536 | D:4      | Reached skill level 4 in Axes
  2536 | D:4      | Reached skill level 5 in Armour
  2536 | D:4      | Reached skill level 5 in Shields
  2536 | D:4      | Reached XP level 6. HP: 33/56 MP: 5/5
  2720 | D:4      | Reached skill level 5 in Axes
  2828 | D:4      | Found a runed translucent door.
  2829 | D:4      | Noticed Crazy Yiuf
  2877 | D:4      | HP: 1/57 [Crazy Yiuf/+4 quarterstaff of chaos (4)]
  2885 | D:4      | Killed Crazy Yiuf
  3147 | D:4      | Found a staircase to the Ecumenical Temple.
  3156 | Temple   | Entered the Ecumenical Temple
  3261 | Temple   | Became a worshipper of Qazlal Stormbringer
  3445 | D:5      | Entered Level 5 of the Dungeon
  3671 | D:5      | Reached skill level 6 in Axes
  3671 | D:5      | Reached XP level 7. HP: 33/64 MP: 6/6
  3960 | D:5      | Reached * piety under Qazlal
  4165 | D:5      | Reached skill level 7 in Axes
  4244 | D:5      | Reached XP level 8. HP: 56/74 MP: 7/7
  4362 | D:5      | Found a glowing silver altar of Zin.
  4674 | D:6      | Noticed Grinder
  4682 | D:6      | Killed Grinder
  4683 | D:6      | Reached skill level 8 in Axes
  4767 | D:6      | Reached skill level 1 in Invocations
  4813 | D:6      | Reached ** piety under Qazlal
  5009 | D:6      | Reached skill level 9 in Axes
  5371 | D:7      | Reached XP level 9. HP: 37/83 MP: 10/10
  5555 | D:7      | Found Pouqaxzo's Armour Shoppe.
  5587 | D:7      | Reached skill level 10 in Axes
  5844 | D:7      | Found a burning altar of Makhleb.
  6031 | D:8      | Found a shadowy altar of Dithmenos.
  6345 | D:8      | Noticed Pikel
  6360 | D:8      | Killed Pikel
  6361 | D:8      | Reached skill level 11 in Axes
  6361 | D:8      | Reached skill level 5 in Invocations
  6957 | D:9      | Found a sacrificial altar of Ru.
  6975 | D:9      | Reached XP level 10. HP: 55/91 MP: 12/14
  6980 | D:9      | Reached skill level 12 in Axes
  7193 | D:9      | Found a glowing golden altar of the Shining One.
  7330 | D:8      | Reached skill level 1 in Dodging
  7536 | D:9      | Reached *** piety under Qazlal
  8138 | D:10     | Entered Level 10 of the Dungeon
  8525 | D:10     | Reached skill level 13 in Axes
  8551 | D:10     | Reached skill level 5 in Dodging
  8611 | D:10     | Reached skill level 14 in Axes
  8611 | D:10     | Reached XP level 11. HP: 43/97 MP: 15/15
  9126 | D:10     | Found a staircase to the Lair.
  9158 | D:10     | Reached **** piety under Qazlal
  9566 | D:11     | Reached skill level 15 in Axes
 10210 | D:11     | Reached skill level 16 in Axes
 10497 | D:11     | Found a staircase to the Orcish Mines.
 10967 | D:12     | Noticed Lodul
 11230 | Lair:1   | Entered Level 1 of the Lair of Beasts
 11287 | Lair:1   | Reached XP level 12. HP: 98/104 MP: 16/16
 12028 | Lair:2   | Reached skill level 17 in Axes
 12291 | Lair:2   | Found a staircase to the Swamp.
 12798 | Lair:3   | Reached ***** piety under Qazlal
 13028 | Lair:3   | Noticed Sonja
 13064 | Lair:3   | Killed Sonja
 13214 | Lair:3   | Found a staircase to the Snake Pit.
 13223 | Lair:3   | Noticed Gastronok
 13236 | Lair:3   | Killed Gastronok
 13237 | Lair:3   | Reached skill level 18 in Axes
 13237 | Lair:3   | Reached skill level 10 in Shields
 14011 | Lair:4   | Reached skill level 10 in Fighting
 14226 | Lair:4   | Reached XP level 13. HP: 47/114 MP: 18/18
 14477 | Lair:4   | Noticed Urug
 14489 | Lair:4   | Killed Urug
 15753 | D:12     | Noticed Kirke
 15761 | D:12     | Killed Kirke
 15796 | D:12     | Killed Lodul
 15797 | D:12     | Reached skill level 10 in Invocations
 17032 | D:13     | Identified the ring "Visew" {rPois rF+ rC+ Int+5}
 17032 | D:13     | Noticed a vampire knight
 17047 | D:13     | Paralysed by something for 5 turns
 17049 | D:13     | Annihilated by a vampire knight

Illustrated notes

Levels and vault maps discovered:
D:1:      nicolae_arrival_washed_ashore, layout_loops_ring,
          shapermc_ecumenical_altar_hornbeckon, serial_shops,
          nicolae_shop_hallway_plus, minmay_hedge_maze, grunt_decor_fettered,
          amcnicky_mini_corridor_feature
D:2:      kb_forest_paths, layout_basic
D:3:      layout_loops_ring, kennysheep_generic_room_4
D:4:      layout_cave_pools, lemuel_temple_firewalk_b, uniq_crazy_yiuf_cottage,
          uniq_sigmund
D:5:      layout_cave_pools, zin_treasury, serial_gnoll_camp,
          gnoll_camp_mini_hut, gnoll_camp_mini_sergeant, gnoll_camp_huts_basic,
          gnoll_camp_medium_02, minmay_misc_feat_iff, kennysheep_small_spiral
D:6:      layout_cave_pools, uniq_grinder
D:7:      layout_cave_pools, makhleb_grotto_becter, serial_shops,
          nicolae_shop_tiny_real_fake_doors
D:8:      layout_basic, grunt_dithmenos_smoke_and_mirrors, serial_bayou_lake_a,
          uniq_pikel
D:9:      layout_gridville, tso_metal_star, hangedman_ru_absence
D:10:     layout_stronghold, minmay_lair_entry_grove
D:11:     layout_basic, orc_0_dummy
D:12:     layout_roguey, uniq_kirke, uniq_lodul
D:13:     lemuel_vampire_tower, layout_basic, grunt_vaults_entry_fortified
Temple:   minmay_temple_bridge_d
Lair:1:   layout_regular_city
Lair:2:   layout_roguey, minmay_swamp_entry_swarm
Lair:3:   layout_roguey, minmay_snake_entry_guardpost_small, grunt_megastairs_3,
          uniq_gastronok, uniq_sonja
Lair:4:   minmay_lair_oklob_chamber, layout_cave_pods, special_room
          [special_room_bee], uniq_urug

Skill      XL: |  1  2  3  4  5  6  7  8  9 10 11 12 13 |
---------------+----------------------------------------+-----
Fighting       | 4 5 6 7 9 10 12 | 12.0
Armour         | 4 5 8 |  8.9
Shields        | 4 5 7 10 | 10.0
Axes           | 3 4 6 7 9 11 14 16 18 | 18.0
Invocations    | 3 6 7 8 11 | 11.6
Dodging        | 6 8 |  8.0

Action                     |  1- 3 |  4- 6 |  7- 9 | 10-12 | 13-15 || total
---------------------------+-------+-------+-------+-------+-------++-------
  Melee: War axe           |    95 |   104 |    68 |       |       ||   267
         Headbutt          |    14 |    23 |    58 |   106 |    67 ||   268
         Broad axe         |       |       |   200 |   601 |   240 ||  1041
  Throw: Boomerang         |       |       |       |       |     3 ||     3
 Invoke: Upheaval          |       |       |       |       |     3 ||     3
         Elemental Force   |       |       |       |       |     1 ||     1
  Evoke: Wand              |       |       |     4 |    15 |       ||    19
    Use: Potion            |       |     5 |       |     2 |       ||     7
         Scroll            |       |       |    14 |     9 |     1 ||    24
 Armour: Scale mail        |    42 |    18 |       |       |       ||    60
         Chain mail        |       |    26 |   140 |    57 |       ||   223
         Plate armour      |       |       |       |   185 |   103 ||   288
  Dodge: Dodged            |    40 |    41 |    72 |   145 |    67 ||   365
         Repelled          |       |       |       |     2 |       ||     2
  Block: Buckler           |    23 |    33 |    22 |       |       ||    78
         Kite shield       |       |       |   107 |   417 |   244 ||   768
         Other             |       |       |     1 |       |       ||     1
